1944 views
Uploaded 2023-02-12 03:47:45
Game version 1.35 (6115)
15:30 long 4on4 ladder game on (8)nerubianpassage s3
Saved by GIGA
1944 views
Uploaded 2023-02-12 03:47:45
Game version 1.35 (6115)
15:30 long 4on4 ladder game on (8)nerubianpassage s3


125 units @ 15.6k
/ 2.3k
81 buildings @ 12.5k
/ 5.4k
TylerOnline
(3)
(15:29) : 
| Potion of Healing | 1 | 150 |
| Lesser Clarity Potion | 2 | 140 |
| Potion of Mana | 1 | 200 |
| Scroll of Regeneration | 1 | 100 |
| total: | 5 | 590g |
| Wisp | 23 | 1380 | / | 0 |
| Huntress | 2 | 390 | / | 40 |
| Archer | 3 | 390 | / | 30 |
| Glaive Thrower | 7 | 1470 | / | 455 |
| Ice Troll Berserker | 1 | 245 | / | 30 |
| Peasant | 14 | 1050 | / | 0 |
| Rifleman | 7 | 1435 | / | 210 |
| Mortar Team | 7 | 1260 | / | 490 |
| total: | 64 | 7620g | / | 1255w |
| Altar of Elders | 1 | 180 | / | 50 |
| Moon Well | 7 | 1260 | / | 280 |
| Hunter's Hall | 1 | 210 | / | 100 |
| Ancient of War | 2 | 300 | / | 120 |
| Tree of Life | 2 | 680 | / | 370 |
| Tree of Ages | 1 | 320 | / | 180 |
| Tree of Eternity | 1 | 330 | / | 200 |
| Scout Tower | 1 | 30 | / | 20 |
| Arcane Tower | 1 | 70 | / | 50 |
| Farm | 11 | 880 | / | 220 |
| Altar of Kings | 1 | 180 | / | 50 |
| Blacksmith | 2 | 280 | / | 120 |
| Barracks | 1 | 160 | / | 60 |
| Lumber Mill | 1 | 120 | / | 0 |
| Arcane Vault | 2 | 260 | / | 60 |
| Town Hall | 1 | 385 | / | 205 |
| Workshop | 2 | 280 | / | 280 |
| Keep | 1 | 320 | / | 210 |
| Castle | 1 | 360 | / | 210 |
| total: | 35 | 5205g | / | 1935w |
| 0:07 | Wisp |
| 0:08 | Altar of Elders |
| 0:10 | Peasant |
| 0:10 | Peasant |
| 0:13 | Peasant |
| 0:13 | Peasant |
| 0:13 | Peasant |
| 0:16 | Wisp |
| 0:21 | Moon Well |
| 0:22 | Wisp |
| 0:34 | Peasant |
| 0:42 | Wisp |
| 0:43 | Wisp |
| 0:54 | Wisp |
| 0:54 | Wisp |
| 0:54 | Wisp |
| 1:02 | Peasant |
| 1:11 | Farm |
| 1:24 | Wisp |
| 1:27 | Altar of Kings |
| 1:30 | Blacksmith |
| 1:31 | Blacksmith |
| 1:37 | Peasant |
| 1:40 | Wisp |
| 1:43 | Barracks |
| 1:48 | Peasant |
| 1:50 | Farm |
| 1:57 | Wisp |
| 2:06 | Peasant |
| 2:12 | Farm |
| 2:17 | Hunter's Hall |
| 2:18 | Ancient of War |
| 2:19 | Ancient of War |
| 2:22 | Moon Well |
| 2:43 | Moon Well |
| 2:45 | Rifleman |
| 2:47 | Peasant |
| 2:48 | Peasant |
| 2:50 | Wisp |
| 2:50 | Wisp |
| 2:50 | Wisp |
| 3:06 | Farm |
| 3:10 | Farm |
| 3:15 | Rifleman |
| 3:27 | Force of Nature |
| 3:38 | Storm Bolt |
| 3:57 | Tree of Life |
| 4:00 | Keep |
| 4:03 | Huntress |
| 4:11 | Scout Tower |
| 4:15 | Lumber Mill |
| 4:32 | Rifleman |
| 4:35 | Arcane Tower |
| 4:39 | Archer |
| 4:53 | Ice Troll Berserker |
| 4:57 | Thunder Clap |
| 5:05 | Arcane Vault |
| 5:08 | Farm |
| 5:09 | Farm |
| 5:11 | Moon Well |
| 5:25 | Entangling Roots |
| 5:38 | Rifleman |
| 5:38 | Rifleman |
| 5:39 | Black Gunpowder |
| 5:51 | Archer |
| 6:02 | Wisp |
| 6:03 | Wisp |
| 6:03 | Wisp |
| 6:03 | Wisp |
| 6:03 | Wisp |
| 6:09 | Tree of Ages |
| 6:25 | Wisp |
| 6:26 | Wisp |
| 6:26 | Wisp |
| 6:32 | Workshop |
| 6:34 | Long Rifles |
| 7:01 | Rifleman |
| 7:02 | Archer |
| 7:13 | Storm Bolt |
| 7:18 | Entangling Roots |
| 7:24 | Workshop |
| 7:55 | Mortar Team |
| 7:55 | Castle |
| 7:59 | Moon Well |
| 7:59 | Moon Well |
| 8:00 | Moon Well |
| 8:15 | Flame Strike |
| 8:19 | Refined Gunpowder |
| 8:21 | Glaive Thrower |
| 9:08 | Huntress |
| 9:10 | Improved Bows |
| 9:11 | Vorpal Blades |
| 9:11 | Glaive Thrower |
| 9:12 | Mortar Team |
| 9:55 | Force of Nature |
| 10:12 | Farm |
| 10:13 | Farm |
| 10:14 | Farm |
| 10:14 | Farm |
| 10:18 | Tree of Eternity |
| 10:22 | Town Hall |
| 10:41 | Thunder Clap |
| 10:56 | Fragmentation Shards |
| 10:56 | Mortar Team |
| 10:59 | Glaive Thrower |
| 11:29 | Glaive Thrower |
| 11:30 | Mortar Team |
| 11:34 | Wisp |
| 11:38 | Peasant |
| 11:38 | Peasant |
| 11:45 | Tree of Life |
| 11:50 | Flare |
| 11:50 | Mortar Team |
| 11:52 | Glaive Thrower |
| 12:37 | Glaive Thrower |
| 12:37 | Mortar Team |
| 13:09 | Siphon Mana |
| 13:10 | Flame Strike |
| 13:27 | Arcane Vault |
| 13:48 | Rifleman |
| 13:49 | Glaive Thrower |
| 13:50 | Mortar Team |
| 14:00 | Scroll of Regeneration |
| 14:02 | Potion of Healing |
| 14:02 | Lesser Clarity Potion |
| 14:05 | Lesser Clarity Potion |
| 14:05 | Potion of Mana |
| 15:02 | Entangling Roots |
| 15:24 | Siphon Mana |
| Right click | 673 |
| Select | 395 |
| Select group | 385 |
| Build/train/purchase | 139 |
| Misc. action | 57 |
| Assign group | 53 |
| Use ability | 35 |
| Minimap ping | 21 |
| Resource trade | 14 |
| Esc | 6 |
| Chat | 5 |
| Item give/drop | 2 |


| Rod of Necromancy | 1 | 150 |
| Sacrificial Skull | 1 | 50 |
| Orb of Corruption | 2 | 750 |
| Scroll of Town Portal | 2 | 700 |
| Scroll of Healing | 1 | 250 |
| total: | 7 | 1900g |
| Acolyte | 8 | 600 | / | 0 |
| Ghoul | 9 | 1080 | / | 0 |
| Crypt Fiend | 6 | 1290 | / | 240 |
| Obsidian Statue | 2 | 400 | / | 70 |
| Frost Wyrm | 2 | 770 | / | 240 |
| total: | 27 | 4140g | / | 550w |
| Nerubian Tower | 2 | 200 | / | 40 |
| Spirit Tower | 5 | 725 | / | 200 |
| Altar of Darkness | 1 | 180 | / | 50 |
| Ziggurat | 9 | 1350 | / | 450 |
| Crypt | 1 | 200 | / | 50 |
| Tomb of Relics | 2 | 260 | / | 60 |
| Necropolis | 2 | 450 | / | 0 |
| Graveyard | 1 | 215 | / | 0 |
| Slaughterhouse | 1 | 140 | / | 135 |
| Boneyard | 3 | 525 | / | 600 |
| Halls of the Dead | 1 | 320 | / | 210 |
| Black Citadel | 1 | 325 | / | 230 |
| total: | 20 | 3320g | / | 1345w |
| 0:05 | Acolyte |
| 0:05 | Acolyte |
| 0:06 | Altar of Darkness |
| 0:09 | Ziggurat |
| 0:40 | Crypt |
| 0:58 | Ziggurat |
| 1:21 | Tomb of Relics |
| 1:42 | Ghoul |
| 1:42 | Ghoul |
| 2:00 | Ghoul |
| 2:21 | Impale |
| 2:22 | Rod of Necromancy |
| 2:24 | Sacrificial Skull |
| 2:32 | Ghoul |
| 2:34 | Ghoul |
| 2:46 | Ghoul |
| 2:51 | Acolyte |
| 3:06 | Ghoul |
| 3:20 | Ghoul |
| 4:11 | Ziggurat |
| 4:12 | Spiked Carapace |
| 4:15 | Ziggurat |
| 4:25 | Necropolis |
| 4:32 | Graveyard |
| 4:44 | Necropolis |
| 5:08 | Ghoul |
| 5:45 | Halls of the Dead |
| 5:56 | Crypt Fiend |
| 6:14 | Ziggurat |
| 6:19 | Nerubian Tower |
| 6:22 | Nerubian Tower |
| 6:24 | Acolyte |
| 6:24 | Acolyte |
| 6:31 | Tomb of Relics |
| 6:48 | Crypt Fiend |
| 7:12 | Crypt Fiend |
| 7:34 | Creature Attack |
| 7:42 | Impale |
| 8:23 | Crypt Fiend |
| 8:25 | Black Citadel |
| 8:31 | Slaughterhouse |
| 8:40 | Acolyte |
| 8:40 | Acolyte |
| 8:41 | Acolyte |
| 8:42 | Spirit Tower |
| 8:45 | Ziggurat |
| 9:06 | Crypt Fiend |
| 9:08 | Web |
| 9:11 | Creature Carapace |
| 9:26 | Frost Nova |
| 10:06 | Obsidian Statue |
| 10:06 | Obsidian Statue |
| 11:34 | Boneyard |
| 11:40 | Boneyard |
| 11:44 | Boneyard |
| 12:00 | Scroll of Town Portal |
| 12:01 | Orb of Corruption |
| 12:01 | Scroll of Healing |
| 12:17 | Ziggurat |
| 12:36 | Crypt Fiend |
| 12:55 | Spirit Tower |
| 13:00 | Ziggurat |
| 13:02 | Ziggurat |
| 13:14 | Freezing Breath |
| 13:15 | Frost Wyrm |
| 13:52 | Spirit Tower |
| 13:56 | Spirit Tower |
| 13:57 | Spirit Tower |
| 14:33 | Frost Armor |
| 14:35 | Scroll of Town Portal |
| 14:39 | Orb of Corruption |
| 15:01 | Frost Wyrm |
| 15:04 | Spiked Carapace |
| Right click | 527 |
| Select group | 345 |
| Select | 302 |
| Misc. action | 76 |
| Build/train/purchase | 62 |
| Assign group | 23 |
| Use ability | 16 |
| Item give/drop | 4 |
| Resource trade | 4 |
| Remove unit | 3 |
| Minimap ping | 1 |


| Healing Salve | 2 | 200 |
| Lesser Clarity Potion | 4 | 280 |
| Scroll of Healing | 3 | 750 |
| Scroll of Town Portal | 1 | 350 |
| Potion of Lesser Invulnerability | 1 | 150 |
| total: | 11 | 1730g |
| Peon | 18 | 1350 | / | 0 |
| Troll Headhunter | 7 | 980 | / | 140 |
| Demolisher | 1 | 220 | / | 50 |
| Troll Batrider | 8 | 1280 | / | 320 |
| total: | 34 | 3830g | / | 510w |
| Watch Tower | 7 | 770 | / | 560 |
| Altar of Storms | 2 | 360 | / | 100 |
| Orc Burrow | 6 | 960 | / | 240 |
| War Mill | 1 | 205 | / | 0 |
| Barracks | 1 | 180 | / | 50 |
| Voodoo Lounge | 1 | 130 | / | 30 |
| Great Hall | 1 | 385 | / | 185 |
| Beastiary | 7 | 1015 | / | 980 |
| Stronghold | 1 | 315 | / | 190 |
| Fortress | 1 | 325 | / | 190 |
| total: | 26 | 4005g | / | 2145w |
| 0:01 | Peon |
| 0:02 | Peon |
| 0:05 | Altar of Storms |
| 0:14 | Orc Burrow |
| 0:26 | Peon |
| 0:42 | Peon |
| 0:50 | War Mill |
| 1:04 | Barracks |
| 1:11 | Peon |
| 1:26 | Peon |
| 1:38 | Orc Burrow |
| 1:42 | Peon |
| 2:03 | Feral Spirit |
| 2:05 | Troll Headhunter |
| 2:24 | Troll Headhunter |
| 2:50 | Stronghold |
| 2:53 | Troll Headhunter |
| 3:25 | Troll Headhunter |
| 3:26 | Steel Ranged Weapons |
| 3:28 | Chain Lighting |
| 3:39 | Troll Headhunter |
| 3:44 | Orc Burrow |
| 4:12 | Troll Headhunter |
| 4:16 | Voodoo Lounge |
| 4:25 | Troll Headhunter |
| 4:48 | Steel Armor |
| 5:13 | Chain Lighting |
| 5:22 | Healing Salve |
| 5:26 | Lesser Clarity Potion |
| 5:31 | Lesser Clarity Potion |
| 5:58 | Demolisher |
| 6:13 | Orc Burrow |
| 6:17 | Shockwave |
| 6:20 | Lesser Clarity Potion |
| 6:21 | Healing Salve |
| 6:54 | Great Hall |
| 7:00 | Lesser Clarity Potion |
| 7:03 | Endurance Aura |
| 7:09 | Reinforced Defenses |
| 7:28 | Troll Regeneration |
| 7:39 | Fortress |
| 7:47 | Shockwave |
| 7:57 | Beastiary |
| 8:19 | Scroll of Healing |
| 8:20 | Potion of Lesser Invulnerability |
| 8:28 | Feral Spirit |
| 8:38 | Beastiary |
| 9:15 | Troll Batrider |
| 9:18 | Peon |
| 9:18 | Peon |
| 9:18 | Peon |
| 9:18 | Peon |
| 9:38 | Endurance Aura |
| 9:48 | Troll Batrider |
| 9:51 | Beastiary |
| 10:08 | Peon |
| 10:08 | Peon |
| 10:08 | Peon |
| 10:34 | Troll Batrider |
| 10:40 | Orc Burrow |
| 10:41 | Peon |
| 11:00 | Berserker Upgrade |
| 11:32 | Troll Batrider |
| 11:34 | Orc Burrow |
| 12:04 | Troll Batrider |
| 12:20 | Scroll of Healing |
| 12:20 | Scroll of Healing |
| 12:28 | Troll Batrider |
| 12:32 | Peon |
| 12:32 | Peon |
| 13:04 | Troll Batrider |
| 13:57 | Beastiary |
| 14:00 | Beastiary |
| 14:02 | Watch Tower |
| 14:04 | Watch Tower |
| 14:05 | Watch Tower |
| 14:18 | Beastiary |
| 14:21 | Beastiary |
| 14:27 | Watch Tower |
| 14:29 | Watch Tower |
| 14:42 | Watch Tower |
| 14:53 | Watch Tower |
| 14:58 | Scroll of Town Portal |
| 15:01 | Altar of Storms |
| 15:05 | Peon |
| 15:13 | Troll Batrider |
| Right click | 632 |
| Select group | 515 |
| Select | 462 |
| Misc. action | 184 |
| Build/train/purchase | 95 |
| Use ability | 39 |
| Assign group | 30 |
| Item give/drop | 5 |
| Esc | 2 |
| Minimap ping | 1 |
86 units @ 7.5k
/ 0.9k
116 buildings @ 9.2k
/ 4.1k
| Peasant | 13 | 975 | / | 0 |
| total: | 13 | 975g | / | 0w |
| Scout Tower | 25 | 750 | / | 500 |
| Arcane Tower | 2 | 140 | / | 100 |
| Guard Tower | 6 | 420 | / | 300 |
| Altar of Kings | 1 | 180 | / | 50 |
| Farm | 3 | 240 | / | 60 |
| Lumber Mill | 1 | 120 | / | 0 |
| Town Hall | 1 | 385 | / | 205 |
| Keep | 1 | 320 | / | 210 |
| total: | 31 | 1675g | / | 815w |
| 0:20 | Altar of Kings |
| 0:22 | Peasant |
| 0:22 | Peasant |
| 0:22 | Peasant |
| 0:22 | Peasant |
| 0:56 | Farm |
| 0:57 | Farm |
| 0:58 | Farm |
| 0:59 | Peasant |
| 1:10 | Scout Tower |
| 1:11 | Scout Tower |
| 1:15 | Peasant |
| 1:28 | Lumber Mill |
| 1:51 | Peasant |
| 1:52 | Peasant |
| 2:03 | Arcane Tower |
| 2:26 | Peasant |
| 2:26 | Peasant |
| 2:27 | Peasant |
| 2:42 | Guard Tower |
| 2:47 | Improved Lumber Harvesting |
| 2:57 | Peasant |
| 2:58 | Peasant |
| 3:10 | Scout Tower |
| 3:11 | Scout Tower |
| 3:12 | Scout Tower |
| 3:13 | Scout Tower |
| 3:13 | Scout Tower |
| 3:14 | Scout Tower |
| 3:48 | Improved Masonry |
| 3:55 | Scout Tower |
| 3:56 | Scout Tower |
| 3:56 | Scout Tower |
| 3:57 | Scout Tower |
| 3:58 | Scout Tower |
| 3:59 | Scout Tower |
| 4:10 | Scout Tower |
| 5:28 | Scout Tower |
| 5:37 | Scout Tower |
| 5:45 | Keep |
| 5:59 | Guard Tower |
| 6:04 | Guard Tower |
| 6:11 | Arcane Tower |
| 6:58 | Guard Tower |
| 7:37 | Guard Tower |
| 7:51 | Scout Tower |
| 7:52 | Scout Tower |
| 7:53 | Scout Tower |
| 7:54 | Scout Tower |
| 8:24 | Advanced Lumber Harvesting |
| 8:37 | Scout Tower |
| 8:39 | Scout Tower |
| 8:40 | Scout Tower |
| 8:41 | Scout Tower |
| 9:34 | Guard Tower |
| 15:13 | Town Hall |
| Select | 99 |
| Right click | 45 |
| Build/train/purchase | 28 |
| Resource trade | 10 |
| Minimap ping | 1 |
Cabeelibob
(194)
(15:30) : 
| Healing Salve | 1 | 100 |
| Lesser Clarity Potion | 1 | 70 |
| Boots of Speed | 1 | 250 |
| Staff of Teleportation | 1 | 150 |
| Sobi Mask | 1 | 400 |
| Scourge Bone Chimes | 1 | 400 |
| total: | 6 | 1370g |
| Peon | 15 | 1125 | / | 0 |
| total: | 15 | 1125g | / | 0w |
| Watch Tower | 4 | 440 | / | 320 |
| Altar of Storms | 2 | 360 | / | 100 |
| Orc Burrow | 6 | 960 | / | 240 |
| War Mill | 1 | 205 | / | 0 |
| Voodoo Lounge | 2 | 260 | / | 60 |
| Great Hall | 1 | 385 | / | 185 |
| Stronghold | 1 | 315 | / | 190 |
| Fortress | 1 | 325 | / | 190 |
| total: | 16 | 2610g | / | 905w |
| 0:03 | Altar of Storms |
| 0:07 | Orc Burrow |
| 0:09 | Peon |
| 0:20 | Peon |
| 0:25 | Peon |
| 0:33 | Peon |
| 0:41 | Peon |
| 1:01 | War Mill |
| 1:14 | Voodoo Lounge |
| 1:38 | Peon |
| 1:55 | Orc Burrow |
| 2:08 | Orc Burrow |
| 2:13 | Orc Burrow |
| 2:16 | Peon |
| 2:16 | Peon |
| 2:26 | Wind Walk |
| 2:46 | Storm Bolt |
| 2:53 | Peon |
| 2:58 | Peon |
| 2:58 | Peon |
| 3:38 | Watch Tower |
| 3:40 | Spiked Barricades |
| 3:41 | Peon |
| 3:41 | Peon |
| 4:03 | Great Hall |
| 4:13 | Voodoo Lounge |
| 4:18 | Peon |
| 4:18 | Peon |
| 4:24 | Orc Burrow |
| 4:47 | Watch Tower |
| 4:50 | Watch Tower |
| 4:55 | Boots of Speed |
| 4:55 | Staff of Teleportation |
| 5:49 | Orc Burrow |
| 6:06 | Watch Tower |
| 7:02 | Healing Salve |
| 7:06 | Lesser Clarity Potion |
| 7:26 | Stronghold |
| 8:55 | Sobi Mask |
| 8:59 | Scourge Bone Chimes |
| 10:04 | Altar of Storms |
| 11:59 | Fortress |
| 15:03 | Divine Shield |
| Right click | 405 |
| Select | 101 |
| Select group | 59 |
| Build/train/purchase | 43 |
| Misc. action | 32 |
| Resource trade | 28 |
| Use ability | 8 |
| Assign group | 3 |
| Esc | 2 |
| Item give/drop | 1 |
| Minimap ping | 1 |

| Peasant | 11 | 825 | / | 0 |
| Flying Machine | 25 | 2500 | / | 750 |
| Dragonhawk Rider | 2 | 400 | / | 60 |
| Mortar Team | 2 | 360 | / | 140 |
| total: | 40 | 4085g | / | 950w |
| Scout Tower | 5 | 150 | / | 100 |
| Arcane Tower | 1 | 70 | / | 50 |
| Guard Tower | 3 | 210 | / | 150 |
| Altar of Kings | 1 | 180 | / | 50 |
| Farm | 13 | 1040 | / | 260 |
| Lumber Mill | 1 | 120 | / | 0 |
| Blacksmith | 1 | 140 | / | 60 |
| Arcane Vault | 1 | 130 | / | 30 |
| Gryphon Aviary | 2 | 280 | / | 300 |
| Workshop | 3 | 420 | / | 420 |
| Keep | 1 | 320 | / | 210 |
| Castle | 1 | 360 | / | 210 |
| total: | 27 | 2460g | / | 1220w |
| 0:04 | Peasant |
| 0:04 | Peasant |
| 0:07 | Altar of Kings |
| 0:10 | Farm |
| 0:11 | Farm |
| 0:25 | Peasant |
| 0:44 | Peasant |
| 1:01 | Peasant |
| 1:02 | Peasant |
| 1:07 | Scout Tower |
| 1:12 | Peasant |
| 1:12 | Peasant |
| 1:24 | Lumber Mill |
| 1:27 | Peasant |
| 1:28 | Peasant |
| 1:39 | Arcane Tower |
| 1:47 | Peasant |
| 2:26 | Improved Lumber Harvesting |
| 2:32 | Blacksmith |
| 2:40 | Keep |
| 2:58 | Farm |
| 3:36 | Improved Masonry |
| 3:51 | Black Gunpowder |
| 4:12 | Farm |
| 4:15 | Farm |
| 4:17 | Farm |
| 4:18 | Farm |
| 4:37 | Scout Tower |
| 4:38 | Scout Tower |
| 4:42 | Scout Tower |
| 4:53 | Iron Plating |
| 5:01 | Advanced Masonry |
| 5:04 | Castle |
| 5:10 | Guard Tower |
| 5:13 | Guard Tower |
| 5:35 | Refined Gunpowder |
| 5:42 | Scout Tower |
| 6:01 | Gryphon Aviary |
| 6:03 | Gryphon Aviary |
| 6:12 | Guard Tower |
| 6:34 | Workshop |
| 6:42 | Workshop |
| 6:46 | Holy Light |
| 6:51 | Steel Plating |
| 7:24 | Imbued Gunpowder |
| 7:25 | Imbued Masonry |
| 7:44 | Workshop |
| 7:52 | Flying Machine Bombs |
| 7:54 | Flying Machine |
| 7:58 | Arcane Vault |
| 8:03 | Flying Machine |
| 8:03 | Flying Machine |
| 8:28 | Flying Machine |
| 8:28 | Flying Machine |
| 8:28 | Flying Machine |
| 8:31 | Flak Cannons |
| 8:40 | Farm |
| 8:44 | Farm |
| 8:47 | Farm |
| 8:50 | Flying Machine |
| 8:50 | Flying Machine |
| 8:54 | Cloud |
| 8:55 | Dragonhawk Rider |
| 8:55 | Dragonhawk Rider |
| 9:13 | Mithril Plating |
| 9:36 | Flying Machine |
| 9:36 | Flying Machine |
| 9:52 | Critical Strike |
| 9:57 | Flying Machine |
| 10:08 | Farm |
| 10:10 | Farm |
| 10:12 | Farm |
| 10:20 | Flying Machine |
| 10:25 | Flying Machine |
| 10:26 | Flying Machine |
| 10:46 | Flying Machine |
| 10:46 | Flying Machine |
| 10:46 | Flying Machine |
| 10:46 | Flying Machine |
| 10:46 | Flying Machine |
| 11:33 | Mortar Team |
| 11:34 | Mortar Team |
| 11:41 | Flying Machine |
| 11:41 | Flying Machine |
| 11:41 | Flying Machine |
| 11:42 | Flying Machine |
| 11:42 | Flying Machine |
| 11:43 | Flying Machine |
| Right click | 542 |
| Select group | 474 |
| Select | 249 |
| Build/train/purchase | 73 |
| Assign group | 12 |
| Minimap ping | 10 |
| Resource trade | 9 |
| Remove unit | 5 |
| Misc. action | 4 |
| Use ability | 4 |
| Esc | 1 |
DudeWhy
(236)
(15:30) : 

| Peasant | 18 | 1350 | / | 0 |
| total: | 18 | 1350g | / | 0w |
| Scout Tower | 29 | 870 | / | 580 |
| Arcane Tower | 3 | 210 | / | 150 |
| Guard Tower | 11 | 770 | / | 550 |
| Altar of Kings | 1 | 180 | / | 50 |
| Farm | 8 | 640 | / | 160 |
| Lumber Mill | 1 | 120 | / | 0 |
| Town Hall | 1 | 385 | / | 205 |
| Blacksmith | 1 | 140 | / | 60 |
| Workshop | 1 | 140 | / | 140 |
| Keep | 1 | 320 | / | 210 |
| total: | 42 | 2475g | / | 1195w |
| 0:02 | Altar of Kings |
| 0:04 | Peasant |
| 0:08 | Peasant |
| 0:22 | Farm |
| 0:24 | Peasant |
| 0:32 | Peasant |
| 0:36 | Lumber Mill |
| 0:52 | Peasant |
| 0:56 | Farm |
| 1:06 | Scout Tower |
| 1:13 | Scout Tower |
| 1:14 | Peasant |
| 1:41 | Peasant |
| 1:41 | Peasant |
| 1:50 | Arcane Tower |
| 1:52 | Peasant |
| 1:55 | Scout Tower |
| 2:08 | Storm Bolt |
| 2:10 | Guard Tower |
| 2:14 | Peasant |
| 2:18 | Farm |
| 2:20 | Peasant |
| 2:31 | Guard Tower |
| 2:43 | Peasant |
| 2:45 | Farm |
| 2:47 | Peasant |
| 2:49 | Improved Lumber Harvesting |
| 2:53 | Scout Tower |
| 2:55 | Scout Tower |
| 3:07 | Storm Bolt |
| 3:27 | Guard Tower |
| 3:40 | Scout Tower |
| 3:41 | Scout Tower |
| 3:46 | Peasant |
| 3:46 | Peasant |
| 4:02 | Guard Tower |
| 4:08 | Town Hall |
| 4:21 | Guard Tower |
| 4:23 | Scout Tower |
| 4:24 | Scout Tower |
| 5:22 | Keep |
| 5:25 | Peasant |
| 5:25 | Peasant |
| 5:35 | Guard Tower |
| 6:05 | Guard Tower |
| 6:09 | Scout Tower |
| 6:11 | Scout Tower |
| 6:11 | Scout Tower |
| 6:12 | Scout Tower |
| 6:14 | Scout Tower |
| 6:15 | Scout Tower |
| 6:20 | Peasant |
| 6:53 | Guard Tower |
| 6:54 | Scout Tower |
| 6:55 | Scout Tower |
| 7:01 | Improved Masonry |
| 7:29 | Blacksmith |
| 7:35 | Guard Tower |
| 7:37 | Scout Tower |
| 7:37 | Scout Tower |
| 7:37 | Scout Tower |
| 7:52 | Advanced Lumber Harvesting |
| 8:34 | Bash |
| 8:34 | Bash |
| 8:49 | Scout Tower |
| 8:50 | Scout Tower |
| 8:51 | Guard Tower |
| 9:57 | Advanced Masonry |
| 10:00 | Guard Tower |
| 10:37 | Bash |
| 10:39 | Holy Light |
| 11:35 | Workshop |
| 11:50 | Black Gunpowder |
| 11:57 | Scout Tower |
| 11:58 | Scout Tower |
| 11:59 | Scout Tower |
| 12:00 | Scout Tower |
| 12:00 | Scout Tower |
| 12:01 | Scout Tower |
| 12:01 | Scout Tower |
| 13:25 | Holy Light |
| 13:32 | Farm |
| 13:32 | Farm |
| 13:32 | Farm |
| 13:33 | Farm |
| 13:35 | Arcane Tower |
| 14:12 | Arcane Tower |
| Right click | 642 |
| Select | 186 |
| Select group | 172 |
| Build/train/purchase | 51 |
| Resource trade | 48 |
| Use ability | 45 |
| Misc. action | 40 |
| Assign group | 7 |
| Minimap ping | 3 |
⇛